 Dungeon Crawl Stone Soup version 0.22-a0-601-gb0ed703 (webtiles) character file.

10150 galech the Basher (level 11, -3/123 HPs)
             Began as an Ogre Berserker on July 6, 2018.
             Was a High Priest of Trog.
             Slain by a crocodile (6 damage)
             ... on level 11 of the Dungeon.
             The game lasted 00:21:13 (14890 turns).

galech the Basher (Ogre Berserker)                 Turns: 14890, Time: 00:21:14

Health: -3/123     AC: 13    Str: 23    XL:     11   Next: 57%
Magic:  0/11       EV: 13    Int:  8    God:    Trog [*****.]
Gold:   398        SH:  0    Dex: 11    Spells: 10/10 levels left

rFire    + . .     SeeInvis .   L - +4 flail (protect)
rCold    . . .     Gourm    .   (no shield)
rNeg     + . .     Faith    .   b - +0 animal skin
rPois    .         Spirit   +   g - +2 hat
rElec    .         Reflect  .   p - +0 cloak
rCorr    .         Harm     .   (gloves unavailable)
MR       +....                  (boots unavailable)
Stlth    ++........             z - amulet of guardian spirit
HPRegen  0.30/turn              T - ring of positive energy
MPRegen  0.12/turn              H - ring of protection from fire

@: protection aura, berserk cooldown, slowed, very slow
A: large, unfitting armour, tough skin 1
a: Berserk, Trog's Hand, Brothers in Arms, Renounce Religion


You were on level 11 of the Dungeon.
You worshipped Trog.
Trog was extremely pleased with you.
You were hungry.

You visited 1 branch of the dungeon, and saw 11 of its levels.

You collected 678 gold pieces.
You spent 280 gold pieces at shops.

Inventory:

Hand Weapons
 A - the +8 hunting sling of the Desolation of Salt {flame, Dex+2}
   (You found it on level 6 of the Dungeon)

   It causes projectiles fired from it to burn those they strike, causing extra
   injury to most foes and up to half again as much damage against particularly
   susceptible opponents.
   It affects your dexterity (+2).
 L - a +4 flail of protection (weapon)
Missiles
 O - 53 sling bullets
Armour
 b - a +0 animal skin (worn)
 g - a +2 hat (worn)
 p - a +0 cloak (worn)
Jewellery
 s - a +2 ring of intelligence
 u - an uncursed ring of fire
 z - an amulet of guardian spirit (around neck)
 D - an uncursed ring of ice
 H - a ring of protection from fire (right hand)
 M - an uncursed ring of magical power
 N - an uncursed amulet of magic regeneration {unknown}
 T - a ring of positive energy (left hand)
Wands
 w - a wand of random effects (29)
 x - a wand of acid (7)
 B - a wand of flame (50)
 Q - a wand of digging (8)
 R - a wand of iceblast (8)
Scrolls
 e - 6 scrolls of remove curse
 i - 4 scrolls of fog
 j - 5 scrolls of enchant armour
 l - 4 scrolls of blinking
 r - a scroll of teleportation
 y - 2 scrolls of identify
 C - a scroll of fear
 E - a scroll of immolation
 F - 3 scrolls of torment
 I - 4 scrolls of magic mapping {unknown}
 J - a scroll of vulnerability {unknown}
 P - a scroll of silence {unknown}
 S - a scroll of random uselessness {unknown}
Potions
 a - a potion of flight {unknown}
 c - 6 potions of brilliance
 d - 3 potions of degeneration
 f - 9 potions of curing
 h - a potion of berserk rage
 m - a potion of agility {unknown}
 n - 3 potions of heal wounds
 o - 2 potions of lignification {unknown}
 q - a potion of might {unknown}
 t - a potion of magic {unknown}
 v - 2 potions of resistance {unknown}
 G - a potion of cancellation {unknown}
 K - a potion of haste {unknown}
Comestibles
 k - 8 rations


   Skills:
 + Level 11.6 Fighting
 + Level 11.6 Maces & Flails
 + Level 8.3 Dodging
 + Level 3.5 Stealth
 + Level 0.4 Evocations


You had 10 spell levels left.
You didn't know any spells.
Your spell library was empty.

Dungeon Overview and Level Annotations

Branches:
Dungeon (11/15)            Temple (0/1) D:4            Lair (0/6) D:11
    Orc: D:9-12

Altars:
Cheibriados
Fedhas
Hepliaklqana
Kikubaaqudgha
Nemelex Xobeh
Uskayaw
Vehumet

Shops:
D:7 !


Innate Abilities, Weirdness & Mutations

You are too large for most types of armour.
You have tough skin. (AC +1)


Message History

Trog accepts your kill.
You barely miss the crocodile. The crocodile closely misses you.
You closely miss the crocodile. You barely miss the crocodile.
You are no longer berserk.
You are exhausted.
You feel yourself slow down. The crocodile bites you!
* * * LOW HITPOINT WARNING * * *
You hit the crocodile.
The crocodile is lightly wounded.
The crocodile bites you!
* * * LOW HITPOINT WARNING * * *
You hit the crocodile.
The crocodile is moderately wounded.
The crocodile bites you!
* * * LOW HITPOINT WARNING * * *
You sock the crocodile!
The crocodile is almost dead.
The crocodile bites you!
You die...

#.........
##...†.###
#........#
#........+
#........#
#........#
#...†....#
######t### #...@#
#####'#####
###.........#
#.'.........+
#.#.........#
#.#.........#
#######.#.........#
#.......#.........#
..#######.........#


You could see a crocodile.

Vanquished Creatures
  A hydra (D:10)
  A centaur warrior (D:11)
  A two-headed ogre (D:9)
  A death yak (D:11)
  An unseen horror (D:10)
  2 trolls
  Prince Ribbit (D:7)
  2 hippogriffs (D:11)
  A vampire (D:10)
  4 yaks (D:10)
  2 hungry ghosts
  Grum (D:9)
  Menkaure (D:7)
  A water moccasin (D:8)
  3 ice beasts
  An orc warrior (D:7)
  4 sky beasts
  2 black bears
  A necrophage (D:8)
  4 ogres
  2 phantoms
  An eye of draining (D:10)
  3 wolves (D:9)
  2 centaurs (D:6)
  A crocodile (D:11)
  3 big kobolds
  3 bullfrogs
  A gnoll sergeant (D:8)
  2 water moccasin zombies (D:7)
  A wyvern skeleton (D:7)
  A water moccasin skeleton (D:10)
  3 scorpions
  4 howler monkeys
  7 crimson imps
  2 quasits
  A centaur zombie (D:10)
  2 hounds
  10 orc priests
  3 jellies (D:9)
  2 bullfrog skeletons
  2 iguanas
  Jessica (D:3)
  Terence (D:3)
  6 worker ants
  6 orc wizards
  A hound skeleton (D:3)
  2 howler monkey zombies
  Robin (D:2)
  A howler monkey skeleton (D:6)
  2 worker ant zombies (D:7)
  9 gnolls
  10 adders
  5 shadow imps
  7 oozes
  4 worms
  A dart slug (D:3)
  5 leopard geckos
  41 orcs
  A ball python (D:2)
  5 giant cockroaches
  8 hobgoblins
  8 jackals
  16 kobolds
  2 quokkas
  3 bats
  3 frilled lizards
  15 goblins
  A quokka skeleton (D:8)
  7 rats
263 creatures vanquished.

Vanquished Creatures (others)
  A goblin (D:2)
1 creature vanquished.

Grand Total: 264 creatures vanquished

Notes
Turn   | Place    | Note
-------+----------+-------------------------------------------
     0 | D:1      | galech the Ogre Berserker began the quest for the Orb.
     0 | D:1      | Reached XP level 1. HP: 24/24 MP: 1/1
   178 | D:1      | Reached XP level 2. HP: 32/32 MP: 2/2
   668 | D:2      | Reached XP level 3. HP: 40/40 MP: 3/3
   669 | D:2      | Noticed a scorpion
   712 | D:2      | Killed a scorpion
   712 | D:2      | Reached skill level 5 in Fighting
   712 | D:2      | Reached XP level 4. HP: 32/50 MP: 4/4
  1209 | D:2      | Found a hazy altar of Hepliaklqana.
  1228 | D:2      | Noticed Robin
  1269 | D:2      | Killed Robin
  1292 | D:2      | Reached ** piety under Trog
  1678 | D:2      | Reached XP level 5. HP: 51/57 MP: 5/5
  2543 | D:3      | Noticed Jessica
  2555 | D:3      | Killed Jessica
  2658 | D:3      | Reached XP level 6. HP: 66/66 MP: 6/6
  3115 | D:3      | Noticed Terence
  3126 | D:3      | Killed Terence
  3372 | D:4      | Found a blossoming altar of Fedhas.
  3419 | D:4      | Reached *** piety under Trog
  3424 | D:4      | Reached skill level 5 in Maces & Flails
  3495 | D:4      | Found a staircase to the Ecumenical Temple.
  3986 | D:5      | Entered Level 5 of the Dungeon
  4124 | D:5      | Noticed a phantom
  4160 | D:5      | Killed a phantom
  4160 | D:5      | Reached XP level 7. HP: 42/74 MP: 7/7
  4674 | D:5      | Reached skill level 1 in Stealth
  4934 | D:5      | Found an ancient bone altar of Kikubaaqudgha.
  4937 | D:5      | Found a snail-covered altar of Cheibriados.
  4940 | D:5      | Found a hide-covered altar of Uskayaw.
  5635 | D:6      | Reached XP level 8. HP: 84/84 MP: 8/8
  5681 | D:6      | Got a faintly glowing hunting sling
  5685 | D:6      | Identified the +8 hunting sling of the Desolation of Salt {flame, Dex+2} (You found it on level 6 of the Dungeon)
  5868 | D:6      | Found a radiant altar of Vehumet.
  6000 | D:6      | Found a sparkling altar of Nemelex Xobeh.
  7149 | D:7      | Noticed Prince Ribbit
  7160 | D:7      | Killed Prince Ribbit
  7160 | D:7      | Reached skill level 5 in Dodging
  7160 | D:7      | Reached XP level 9. HP: 83/94 MP: 7/9
  7256 | D:7      | Reached **** piety under Trog
  8203 | D:7      | Found Sowiutic's Distillery.
  8287 | D:7      | Noticed Menkaure
  8309 | D:7      | Killed Menkaure
  9823 | D:8      | Reached XP level 10. HP: 96/107 MP: 10/10
 10714 | D:9      | Noticed a two-headed ogre
 10729 | D:9      | Killed a two-headed ogre
 10729 | D:9      | Reached skill level 10 in Maces & Flails
 11112 | D:9      | Noticed Grum
 11138 | D:9      | Reached ***** piety under Trog
 11147 | D:9      | Killed Grum
 11147 | D:9      | Reached skill level 10 in Fighting
 12086 | D:10     | Entered Level 10 of the Dungeon
 12921 | D:10     | Noticed a four-headed hydra
 12932 | D:10     | Killed an unseen horror
 12932 | D:10     | Reached XP level 11. HP: 113/119 MP: 9/11
 12948 | D:10     | Killed a four-headed hydra
 14448 | D:7      | Bought a potion of curing for 42 gold pieces
 14448 | D:7      | Bought a potion of curing for 42 gold pieces
 14448 | D:7      | Bought a potion of curing for 42 gold pieces
 14448 | D:7      | Bought a potion of heal wounds for 70 gold pieces
 14448 | D:7      | Bought a potion of curing for 42 gold pieces
 14448 | D:7      | Bought a potion of curing for 42 gold pieces
 14573 | D:11     | Noticed a centaur warrior
 14585 | D:11     | Killed a centaur warrior
 14857 | D:11     | Found a staircase to the Lair.
 14857 | D:11     | Noticed a death yak
 14880 | D:11     | Killed a death yak
 14889 | D:11     | HP: 3/123 [crocodile (14)]
 14890 | D:11     | Slain by a crocodile

Vault maps used:
D:1:      minmay_arrival_four_loops, hangedman_decor_clover_reticule,
          serial_bayou_lagoon_b
D:2:      lemuel_doored_altar, uniq_robin
D:3:      first_ration, dk_vineyard_3, uniq_jessica, uniq_terence
D:4:      minmay_temple_entry_statues_pillars, fedhas_altar_1
D:5:      grunt_temple_overflow_diamond
D:6:      kb_forest_paths, old_standard_altar, basic_altar, dk_noncrumbling_4
D:7:      serial_shops, nicolae_shop_statue_plus, uniq_prince_ribbit1,
          uniq_menkaure
D:8:      cheibrodos_elevator_heist
D:9:      hangedman_little_slice_of_home, uniq_grum
D:10:     columned_hall_lemuel, grunt_potential
D:11:     david_lair_generic, orc_david_3

Skill      XL: |  1  2  3  4  5  6  7  8  9 10 11 |
---------------+----------------------------------+-----
Maces & Flails | 3 4 5 6 8 9 10 11 | 11.6
Dodging        | 3 4 5 6 7 8 |  8.3
Fighting       | 5 6 7 9 10 11 | 11.6
Stealth        | 1 2 3 |  3.5
Evocations     | |  0.4

Action                   |  1- 3 |  4- 6 |  7- 9 | 10-12 || total
-------------------------+-------+-------+-------+-------++-------
Melee: Mace              |    30 |   263 |   422 |       ||   715
       Flail             |       |       |    10 |   422 ||   432
Invok: Berserk           |     2 |     3 |     3 |     9 ||    17
       Trog's Hand       |       |       |     1 |       ||     1
Evoke: Wand              |       |       |       |     1 ||     1
  Use: Scroll            |       |       |    12 |     8 ||    20
 Stab: Sleeping          |       |     2 |     1 |     3 ||     6
       Distracted        |       |       |     1 |     1 ||     2
  Eat: Chunk             |       |    12 |    14 |    16 ||    42
       Ration            |       |     1 |     2 |     4 ||     7
Armor: Animal skin       |    10 |    81 |   136 |   177 ||   404
Dodge: Dodged            |    14 |   154 |   245 |   250 ||   663

Table legend:
 A = Spawn XP
 B = Non-spawn XP
 C = Spawn XP percentage of total XP
 D = Spawn monster count
 E = Non-spawn monster count
 F = Spawn count percentage of total count
 G = Total turns spent on level
                    A         B        C        D         E        F      G
               +---------+---------+-------+---------+---------+-------+---------
         Total |       0 |   14501 |   0.0 |       0 |     263 |   0.0 | 14890
               +---------+---------+-------+---------+---------+-------+---------
           D:1 |       0 |      19 |   0.0 |       0 |       9 |   0.0 |   691
           D:2 |       0 |     205 |   0.0 |       0 |      32 |   0.0 |  1505
           D:3 |       0 |     176 |   0.0 |       0 |      27 |   0.0 |  1069
           D:4 |       0 |      59 |   0.0 |       0 |      10 |   0.0 |   721
           D:5 |       0 |     675 |   0.0 |       0 |      20 |   0.0 |  1566
           D:6 |       0 |    1387 |   0.0 |       0 |      28 |   0.0 |  2012
           D:7 |       0 |    1625 |   0.0 |       0 |      25 |   0.0 |  1752
           D:8 |       0 |    1111 |   0.0 |       0 |      31 |   0.0 |  1580
           D:9 |       0 |    2778 |   0.0 |       0 |      41 |   0.0 |  2065
          D:10 |       0 |    3771 |   0.0 |       0 |      29 |   0.0 |  1577
          D:11 |       0 |    2695 |   0.0 |       0 |      11 |   0.0 |   352
               +---------+---------+-------+---------+---------+-------+---------
